 Dungeon Crawl Stone Soup version 0.25.1-2-g60ff931df9 (webtiles) character file.

Game seed: 14454309235012409666

760 Curus the Basher (level 7, -1/57 HPs)
             Began as a Hill Orc Monk on Oct 1, 2020.
             Was a Believer of Okawaru.
             Slain by a gnoll
             ... wielding a +0 halberd
              (11 damage)
             ... on level 5 of the Dungeon.
             The game lasted 00:24:43 (4542 turns).

Curus the Basher (Hill Orc Monk)                    Turns: 4542, Time: 00:24:43

Health: -1/57      AC:  8    Str: 14      XL:     7   Next: 80%
Magic:  7/7        EV:  7    Int:  8 (10) God:    Okawaru [**....]
Gold:   143        SH:  0    Dex: 15      Spells: 6/6 levels left

rFire    . . .     SeeInvis .   i - +1 flail
rCold    . . .     Gourm    .   (no shield)
rNeg     . . .     Faith    .   e - +0 chain mail
rPois    .         Spirit   .   (no helmet)
rElec    .         Reflect  .   d - scarf {+Inv}
rCorr    .         Harm     .   (no gloves)
MR       .....     Rnd*Tele +   (no boots)
Stlth    ..........             (no amulet)
HPRegen  0.19/turn              l - ring of teleportation (curse)
MPRegen  0.10/turn              k - ring of attention (curse)

@: no status effects
A: no striking features
a: Heroism, Renounce Religion, Evoke Invisibility


You were on level 5 of the Dungeon.
You worshipped Okawaru.
Okawaru was pleased with you.
You were hungry.

You visited 2 branches of the dungeon, and saw 6 of its levels.

You collected 143 gold pieces.

Inventory:

Hand Weapons
 a - a +0 mace
 g - a +4 mace
 i - a +1 flail (weapon)
Armour
 b - a +0 robe
 d - a scarf of invisibility (worn)
 e - a +0 chain mail (worn)
Jewellery
 j - an uncursed ring of stealth
 k - a cursed ring of attention (right hand)
 l - a cursed ring of teleportation (left hand)
Scrolls
 h - 2 scrolls of identify
 o - a scroll of teleportation
Potions
 f - a potion of haste
 n - a potion of stabbing
 p - a potion of curing
Comestibles
 c - 9 rations


   Skills:
 - Level 3.6 Fighting
 + Level 9.8 Maces & Flails
 - Level 2.4 Dodging
 - Level 1.5 Stealth


You had 6 spell levels left.
You didn't know any spells.
Your spell library was empty.

Dungeon Overview and Level Annotations

Branches:
Dungeon (5/15)             Temple (1/1) D:4

Altars:
Ashenzari
Cheibriados
Elyvilon
Fedhas
Gozag
Kikubaaqudgha
Makhleb
Nemelex Xobeh
Okawaru
Qazlal
Sif Muna
Trog
Uskayaw
Vehumet
Wu Jian
Xom
Yredelemnul
Zin
The Shining One


Message History

You kill the gnoll!
Okawaru accepts your kill. The gnoll closely misses you.
You completely miss the gnoll. The gnoll hits you.
The gnoll closely misses you.
You closely miss the gnoll. The gnoll hits you but does no damage.
The gnoll barely misses you.
You closely miss the gnoll. The gnoll hits you but does no damage.
You sock the gnoll!
The gnoll is almost dead.
The gnoll hits you from afar with a +0 halberd.
* * * LOW HITPOINT WARNING * * *
The gnoll barely misses you.
You thump the gnoll!
You kill the gnoll!
Okawaru accepts your kill.
The gnoll hits you from afar with a +0 halberd.
* * * LOW HITPOINT WARNING * * *
The gnoll hits you with a +0 halberd!
You die...

#.# #.##.# #...#
..#####.##.#####.#
#................#
#.#####.##.#######
..#<....# .
#.##.#### .. #.
#.# ... #. #.# #..
#. #@# #...#. #g#
#.....##.####
#....g......#
.[.....#####.#
..(.... # ....##.
.#. #. # #.


You could see a gnoll.

Vanquished Creatures
  A phantom (D:4)
  A centaur (D:5)
  A scorpion (D:4)
  A crimson imp (D:5)
  A centaur zombie (D:5)
  4 hounds
  A gnoll shaman (D:5)
  3 orc priests (D:4)
  2 orc wizards (D:4)
  A worker ant (D:4)
  3 gnolls (D:5)
  An adder (D:2)
  5 oozes
  An adder skeleton (D:4)
  2 worms (D:2)
  A dart slug (D:1)
  A leopard gecko (D:1)
  13 orcs
  4 giant cockroaches
  4 goblins
  6 hobgoblins
  3 jackals (D:4)
  7 bats
  2 frilled lizards
  10 kobolds
  5 rats
  A bush (D:4)
85 creatures vanquished.

Notes
Turn   | Place    | Note
-------+----------+-------------------------------------------
     0 | D:1      | Curus the Hill Orc Monk began the quest for the Orb.
     0 | D:1      | Reached XP level 1. HP: 19/19 MP: 1/1
   324 | D:1      | Reached XP level 2. HP: 14/26 MP: 2/2
   559 | D:1      | Reached skill level 4 in Maces & Flails
   814 | D:1      | Reached XP level 3. HP: 31/31 MP: 3/3
  1218 | D:2      | Found a blossoming altar of Fedhas.
  1453 | D:2      | Reached skill level 5 in Maces & Flails
  1479 | D:2      | Noticed an angel
  1480 | D:2      | Found a shimmering altar of Xom.
  1481 | D:2      | Found a glowing silver altar of Zin.
  1503 | D:2      | Reached XP level 4. HP: 28/39 MP: 4/4
  2118 | D:3      | Found a faded altar of an unknown god.
  2733 | D:4      | Reached skill level 6 in Maces & Flails
  2733 | D:4      | Reached XP level 5. HP: 5/45 MP: 5/5
  2751 | D:4      | HP: 1/45 [orc/+0 flail (7)]
  3331 | D:4      | Reached skill level 7 in Maces & Flails
  3331 | D:4      | Reached XP level 6. HP: 41/51 MP: 6/6
  3410 | D:4      | Found a staircase to the Ecumenical Temple.
  3410 | D:4      | Found a hide-covered altar of Uskayaw.
  3410 | D:4      | Noticed a phantom
  3431 | D:4      | Killed a phantom
  3431 | D:4      | Reached skill level 8 in Maces & Flails
  3473 | Temple   | Entered the Ecumenical Temple
  3480 | Temple   | Became a worshipper of Warmaster Okawaru
  3480 | Temple   | Reached * piety under Okawaru
  3480 | Temple   | Reached ** piety under Okawaru
  3735 | D:4      | Reached XP level 7. HP: 49/57 MP: 7/7
  4205 | D:5      | Entered Level 5 of the Dungeon
  4217 | D:5      | Reached skill level 9 in Maces & Flails
  4542 | D:5      | Slain by a gnoll

Illustrated notes

Levels and vault maps discovered:
D:1:      dpeg_arrival_yet_another_circle, layout_basic, minivault_26
D:2:      layout_basic, grunt_temple_overflow_order_and_chaos_1,
          lemuel_doored_altar
D:3:      layout_basic, chequers_ecumenical_altar_island
D:4:      layout_basic, eat_drink_and_be_merry_uskayaw,
          minmay_temple_entry_waves, first_ration, serial_forest,
          infiniplex_forest_fountain, infiniplex_forest_end_2,
          infiniplex_forest_straight_3, infiniplex_forest_end_2,
          infiniplex_forest_clump_curved, infiniplex_forest_straight_2,
          infiniplex_forest_lined_2, infiniplex_forest_clump_double,
          infiniplex_forest_clump_curved, infiniplex_forest_end_2
D:5:      layout_basic, corexii_item_surrounded_by_moat,
          uniq_crazy_yiuf_cottage, uniq_duvessa
Temple:   nicolae_temple_no_exploring_needed

Skill      XL: |  1  2  3  4  5  6  7 |
---------------+----------------------+-----
Maces & Flails | 4 5 6 7 8 9 |  9.8
Fighting       | |  3.6
Dodging        | |  2.4
Stealth        | |  1.5

Action                   |  1- 3 |  4- 6 |  7- 9 || total
-------------------------+-------+-------+-------++-------
Melee: Mace              |    89 |    28 |       ||   117
       Flail             |       |   171 |    77 ||   248
  Use: Scroll            |     4 |     6 |       ||    10
       Potion            |       |     5 |     1 ||     6
  Eat: Chunk             |     2 |     7 |     2 ||    11
Armor: Chain mail        |    52 |    97 |    39 ||   188
       Robe              |     9 |       |       ||     9
Dodge: Dodged            |    38 |    51 |    25 ||   114
